 Dungeon Crawl Stone Soup version 0.26-a0-1213-gd52f5182fe (webtiles) character file.

Game seed: 2668833531918325982

4443 jestyr24 the Destroyer (level 10, -2/83 HPs)
             Began as a Yellow Draconian Conjurer on Dec 30, 2020.
             Was a Priest of Vehumet.
             Slain by a troll (8 damage)
             ... on level 9 of the Dungeon.
             The game lasted 01:11:43 (12341 turns).

jestyr24 the Destroyer (Yellow Draconian Conjurer) Turns: 12341, Time: 01:11:43

Health: -2/83      AC: 10    Str:  9    XL:     10   Next: 15%
Magic:  18/18      EV: 15    Int: 22    God:    Vehumet [***...]
Gold:   540        SH:  0    Dex: 16    Spells: 9/20 levels left

rFire    . . .     SeeInvis .   N - +5 long sword
rCold    . . .     Faith    +   (no shield)
rNeg     . . .     Spirit   .   (armour unavailable)
rPois    .         Reflect  .   (helmet restricted)
rElec    .         Harm     .   r - +2 cloak
rCorr    +         Rampage  .   (no gloves)
Will     +....                  (no boots)
Stlth    +++.......             j - amulet of faith
HPRegen  0.23/turn              t - +6 ring of dexterity
MPRegen  0.16/turn              h - ring of willpower

@: no status effects
A: spit acid, unfitting armour, cold-blooded, acid resistance, AC +7
a: Breathe Acid, Renounce Religion


You were on level 9 of the Dungeon.
You worshipped Vehumet.
Vehumet was most pleased with you.
You visited 1 branch of the dungeon, and saw 9 of its levels.

You collected 540 gold pieces.

Inventory:

Hand Weapons
 k - a +2 flail of venom
 y - a +0 dagger of chaos
 A - a +5 dagger
 D - a +7 dagger
 G - a +0 broad axe of flaming
 J - a +3 short sword
 L - a +2 short sword of venom
 N - a +5 long sword (weapon)
 Q - a +3 falchion
Missiles
 b - 6 javelins
 e - 318 stones
 o - 51 poisoned darts
Armour
 d - a scarf of resistance
 r - a +2 cloak (worn)
Jewellery
 h - a ring of willpower (right hand)
 j - an amulet of faith (around neck)
 l - an uncursed ring of see invisible
 t - a +6 ring of dexterity (left hand)
 C - an uncursed ring of stealth
 M - an uncursed ring of protection from fire
Wands
 q - a wand of flame (14)
 u - a wand of iceblast (7)
 x - a wand of polymorph (8)
 z - a wand of enslavement (5)
 B - a wand of disintegration (12)
 H - a wand of acid (7)
 O - a wand of random effects (8)
Scrolls
 c - 5 scrolls of magic mapping
 g - 6 scrolls of identify
 n - 6 scrolls of remove curse
 p - 6 scrolls of teleportation
 w - 2 scrolls of fear
 E - a scroll of random uselessness {unknown}
Potions
 a - a potion of might
 f - 2 potions of resistance
 i - a potion of lignification
 m - 2 potions of curing
 s - 2 potions of heal wounds
 v - a potion of berserk rage
 F - a potion of cancellation {unknown}
 K - a potion of mutation {unknown}


   Skills:
 - Level 5.6 Fighting
 - Level 2.0 Short Blades
 + Level 5.3 Dodging
 - Level 5.0 Stealth
 - Level 5.9 Spellcasting
 - Level 10.0 Conjurations
 - Level 3.1 Evocations


You had 9 spell levels left.
You knew the following spells:

 Your Spells              Type           Power        Failure   Level
a - Magic Dart            Conj           100%         1%          1
b - Searing Ray           Conj           100%         1%          2
c - Dazzling Flash        Conj/Hex       56%          1%          3
d - Shock                 Conj/Air       100%         1%          1
e - Fulminant Prism       Conj/Hex       14%          3%          4

Your spell library contained the following spells:

 Spells                   Type           Power        Failure   Level
 Ignite Poison            Fire/Tmut/Pois 6%           8%          3
 Iskenderun's Mystic Bla  Conj/Tloc      28%          3%          4


Dungeon Overview and Level Annotations

Branches:
Dungeon (9/15)             Temple (0/1) D:6            Lair (0/6) D:9
    Orc: D:9-12

Altars:
Cheibriados
Dithmenos
Elyvilon
Hepliaklqana
Makhleb
Nemelex Xobeh
Okawaru
Qazlal
Ru
Vehumet
Wu Jian
Xom
The Shining One

Shops:
D:6 *   D:7 [

Annotations:
D:7 1 runed translucent door, Maimakterion's ghost, novice DrVM


Innate Abilities, Weirdness & Mutations

You can spit globs of acid.
Your golden yellow scales are hard. (AC +7)
You cannot fit into any form of body armour.
You are cold-blooded and may be slowed by cold attacks.
You are resistant to acid. (rCorr)


Message History

You slash the troll!
The troll is heavily wounded.
The troll bites you. The troll closely misses you. The troll barely misses you.
The troll bites you! The troll misses you.
The troll claws you but does no damage.
You slash the troll!
The troll is severely wounded.
The troll closely misses you. The troll barely misses you. The troll claws you!
* * * LOW HITPOINT WARNING * * *
You hit the troll.
The troll is almost dead.
The troll bites you!
* * * LOW HITPOINT WARNING * * *
The troll misses you. The troll claws you.
* * * LOW HITPOINT WARNING * * *
You hit the troll.
You tail-slap the troll, but do no damage.
The troll is almost dead.
The troll bites you!
You die...

.. .## .. ..# ..
(.. .##.# ...# .
.Z# #.# #T# #.
.... #@# .# #..
#....##.# .##..#
#.......##....##..
##..)##.##...# ..#
##.###.#....#..#
#...........#...
#..####........#
## # #.....#.. .#
##....#


You could see a troll and a hound zombie.

Vanquished Creatures
  Maggie (D:7)
  Prince Ribbit (D:8)
  Grinder (D:6)
  2 sky beasts (D:8)
  3 orc warriors
  2 ice beasts
  5 ogres
  2 necrophages (D:8)
  4 centaurs
  2 bullfrogs (D:7)
  A scorpion (D:8)
  3 electric eels (D:6)
  A howler monkey (D:6)
  9 wights
  2 bullfrog zombies (D:6)
  4 crimson imps (D:5)
  A quasit (D:8)
  A centaur zombie (D:7)
  7 hounds
  A jelly (D:7)
  2 bullfrog skeletons
  3 orc priests
  7 orc wizards
  4 centaur skeletons
  2 iguanas
  8 worker ants
  A killer bee zombie (D:6)
  A hound skeleton (D:5)
  A mummy (D:8)
  A worker ant zombie (D:6)
  8 adders
  3 shadow imps
  2 ufetubi
  An ooze (D:3)
  An adder zombie (D:8)
  2 adder skeletons
  3 worms
  4 dart slugs
  12 leopard geckos
  33 orcs
  8 bats
  9 giant cockroaches
  7 goblins
  10 hobgoblins
  6 jackals
  5 quokkas
  A ball python (D:3)
  3 frilled lizards
  2 jackal zombies (D:6)
  7 kobolds
  A leopard gecko zombie (D:7)
  2 quokka skeletons
  8 rats
221 creatures vanquished.

Vanquished Creatures (others)
  17 fulminant prisms
  6 fungi (D:1)
  33 plants
  5 withered plants (D:6)
61 creatures vanquished.

Grand Total: 282 creatures vanquished

Notes
Turn   | Place    | Note
-------+----------+-------------------------------------------
     0 | D:1      | jestyr24 the Draconian Conjurer began the quest for the
                  | Orb.
     0 | D:1      | Reached XP level 1. HP: 14/14 MP: 3/3
   342 | D:1      | Reached XP level 2. HP: 20/20 MP: 3/5
   419 | D:1      | Learned a level 2 spell: Searing Ray
   875 | D:1      | Reached XP level 3. HP: 26/26 MP: 1/6
  1887 | D:2      | Reached skill level 5 in Conjurations
  1887 | D:2      | Reached XP level 4. HP: 34/34 MP: 1/7
  2020 | D:2      | Reached skill level 1 in Fighting
  2429 | D:2      | Found a burning altar of Makhleb.
  2440 | D:2      | Reached XP level 5. HP: 37/41 MP: 0/9
  4227 | D:4      | Found a glowing golden altar of the Shining One.
  4231 | D:4      | Upgraded the game from 0.26-a0-1205-g4083c211ab to
                  | 0.26-a0-1213-gd52f5182fe
  4231 | D:4      | Reached XP level 6. HP: 49/49 MP: 5/11
  4231 | D:4      | Found a white marble altar of Elyvilon.
  4232 | D:4      | Found a sparkling altar of Nemelex Xobeh.
  4236 | D:4      | Found a stormy altar of Qazlal.
  4236 | D:4      | Found an iron altar of Okawaru.
  4237 | D:4      | Found a radiant altar of Vehumet.
  4245 | D:4      | Became a worshipper of Vehumet
  4394 | D:4      | Reached skill level 1 in Short Blades
  4668 | D:4      | Found a sacrificial altar of Ru.
  4728 | D:4      | Your scales start taking on a golden yellow colour.
  4728 | D:4      | Reached XP level 7. HP: 33/57 MP: 7/13
  4728 | D:4      | Gained mutation: You are resistant to acid. (rCorr) [Yellow
                  | Draconian growth]
  5382 | D:5      | Entered Level 5 of the Dungeon
  5659 | D:5      | Reached skill level 6 in Conjurations
  5697 | D:5      | Reached * piety under Vehumet
  5697 | D:5      | Offered knowledge of Freeze by Vehumet.
  5702 | D:5      | Learned a level 3 spell: Dazzling Flash
  6158 | D:5      | Reached XP level 8. HP: 66/66 MP: 6/15
  6501 | D:5      | Found a shimmering altar of Xom.
  6717 | D:6      | Reached skill level 5 in Spellcasting
  6876 | D:6      | Found a staircase to the Ecumenical Temple.
  7022 | D:6      | Reached skill level 5 in Fighting
  7259 | D:6      | Reached ** piety under Vehumet
  7262 | D:6      | Reached skill level 7 in Conjurations
  7507 | D:6      | Offered knowledge of Shock by Vehumet.
  7519 | D:6      | Found Bavyckil's General Store.
  7722 | D:6      | Found a hazy altar of Hepliaklqana.
  8555 | D:6      | Reached XP level 9. HP: 74/74 MP: 11/17
  8701 | D:6      | Noticed Grinder
  8705 | D:6      | Killed Grinder
  8706 | D:6      | Reached skill level 5 in Stealth
  8984 | D:7      | Found a runed translucent door.
  8985 | D:7      | Noticed Maimakterion's ghost (novice DrVM)
  9128 | D:7      | Learned a level 1 spell: Shock
  9256 | D:7      | Reached skill level 8 in Conjurations
  9312 | D:7      | Offered knowledge of Mephitic Cloud by Vehumet.
  9318 | D:7      | Learned a level 4 spell: Fulminant Prism
  9341 | D:7      | Noticed Maggie
  9701 | D:7      | Found a sparkling altar of Nemelex Xobeh.
  9738 | D:7      | Killed Maggie
  9840 | D:7      | Found Raliec's Antique Armour Boutique.
 10323 | D:7      | Reached skill level 1 in Evocations
 10389 | D:7      | Reached skill level 9 in Conjurations
 10820 | D:8      | Found a shadowy altar of Dithmenos.
 10836 | D:8      | Reached *** piety under Vehumet
 10995 | D:8      | Noticed Prince Ribbit
 11005 | D:8      | Killed Prince Ribbit
 11007 | D:8      | Reached skill level 10 in Conjurations
 11026 | D:8      | Offered knowledge of Ignite Poison by Vehumet.
 11228 | D:8      | Reached XP level 10. HP: 81/83 MP: 8/18
 11476 | D:8      | Found a snail-covered altar of Cheibriados.
 11884 | D:8      | Found an ornate altar of the Wu Jian Council.
 12186 | D:9      | Reached skill level 5 in Dodging
 12186 | D:9      | Reached **** piety under Vehumet
 12289 | D:9      | Found a staircase to the Lair.
 12341 | D:9      | Slain by a troll

Illustrated notes

Levels and vault maps discovered:
D:1:      dpeg_arrival_water_fire, layout_basic
D:2:      layout_loops_ring, makhleb_blood_cavern_becter
D:3:      layout_loops_cross, minmay_starry_boxes
D:4:      minmay_angry_zag, layout_basic, grunt_temple_overflow_open,
          nicolae_ru_sacrificial_ziggurat, grunt_ministairs_15,
          kennysheep_donut, kennysheep_generic_room_15
D:5:      layout_loops_cross, led_xom_imps, minmay_misc_feat_roman, minmay_bent
D:6:      minmay_general_purpose_star, layout_basic, lemuel_crystal_altar,
          minmay_temple_entry_junction, serial_undead, serial_undead_f,
          serial_undead_b, serial_undead_f, serial_undead_e, serial_shops,
          kennysheep_little_box, serial_bayou_lake_a, uniq_grinder
D:7:      layout_loops_corners, ebering_ghost_reflecting_pool, serial_shops,
          nicolae_shop_overgrown_old_shop, nemelex_spade_bored_becter,
          uniq_maggie
D:8:      layout_loops_ring, lemuel_coloured_pillars_altar,
          nicolae_overflow_crystal_walls, slow_altar_1, uniq_prince_ribbit1
D:9:      minmay_the_grid_octo_tiled_squarecenter [minmay_the_grid_octo_chip,
          minmay_the_grid_octo_pinwheel, minmay_the_grid_octo_toaster,
          minmay_the_grid_octo_clover,
          minmay_the_grid_square_5x5_megaprize_hollow,
          minmay_the_grid_square_5x5_eight_small,
          minmay_the_grid_square_5x5_tie,
          minmay_the_grid_square_5x5_broken_cross,
          minmay_the_grid_square_5x5_slash], layout_loops_ring,
          general_overflow_altar, lair_entry_dummy

Skill      XL: |  1  2  3  4  5  6  7  8  9 10 |
---------------+-------------------------------+-----
Dodging        | 2 3 4 5 |  5.3
Stealth        | 2 3 4 5 |  5.0
Conjurations   | 5 6 7 10 | 10.0
Fighting       | 1 2 3 4 5 |  5.6
Spellcasting   | 3 4 5 |  5.9
Short Blades   | 1 2 |  2.0
Evocations     | 3 |  3.1

Action                   |  1- 3 |  4- 6 |  7- 9 | 10-12 || total
-------------------------+-------+-------+-------+-------++-------
Melee: Unarmed           |     1 |       |       |       ||     1
       Dagger            |    14 |    27 |    48 |       ||    89
       Tailslap          |     1 |     3 |     6 |     6 ||    16
       Short sword       |       |       |     8 |       ||     8
       Long sword        |       |       |       |    38 ||    38
 Cast: Magic Dart        |    41 |    36 |    60 |     2 ||   139
       Searing Ray       |    11 |    42 |    87 |     2 ||   142
       Fulminant Prism   |       |       |    14 |     3 ||    17
       Shock             |       |       |     4 |       ||     4
       Dazzling Flash    |       |       |     1 |       ||     1
 Abil: Breathe Acid      |       |       |     5 |       ||     5
Evoke: Wand              |       |       |     4 |       ||     4
  Use: Potion            |       |       |    11 |       ||    11
       Scroll            |       |       |     8 |     3 ||    11
 Stab: Sleeping          |       |     1 |     6 |     1 ||     8
       Confused          |       |       |     1 |       ||     1
       Paralysed         |       |       |     1 |       ||     1
Armor: Skin              |     6 |    24 |    34 |    22 ||    86
Dodge: Dodged            |    19 |    62 |    98 |    34 ||   213
       Rpst.: Long sword |       |       |       |     6 ||     6

Table legend: (Time is in decaauts)
 A = Elapsed time spent in this place.
 B = Non-inter-level travel time spent in this place.
 C = Inter-level travel time spent in this place.
 D = Time resting spent in this place.
 E = Time spent auto-exploring this place.
 F = Levels seen in this place.
 G = Mean time per level.
                   A        B        C        D        E       F      G
               +--------+--------+--------+--------+--------+-----+--------+
         Total |  12401 |  12060 |    341 |   3472 |   6063 |   9 | 1377.9 |
       Dungeon |  12401 |  12060 |    341 |   3472 |   6063 |   9 | 1377.9 |
               +--------+--------+--------+--------+--------+-----+--------+

Top non-repeatable levels by time:
     D:6: 2135 daAuts
     D:7: 1771 daAuts
     D:1: 1520 daAuts
     D:8: 1506 daAuts
     D:3: 1449 daAuts
     D:5: 1328 daAuts
     D:2: 1252 daAuts
     D:4: 1157 daAuts
     D:9: 279 daAuts
